 Dungeon Crawl Stone Soup version 0.31-a0-214-gb37851d (webtiles) character file.

Game seed: 10175994960057913339

74 Dawnplanks the Gusty (level 4, -5/24 HPs)
             Began as a Tengu Air Elementalist on July 1, 2023.
             Killed from afar by an orc wizard (8 damage)
             ... with a puff of flame
             ... on level 2 of the Dungeon.
             The game lasted 00:03:14 (1841 turns).

Dawnplanks the Gusty (Tengu Air Elementalist)       Turns: 1841, Time: 00:03:14

Health: -5/24      AC:  2    Str:  8    XL:     4   Next: 30%
Magic:  7/18       EV: 12    Int: 17    God:
Gold:   46         SH:  0    Dex: 15    Spells: 4/8 levels left

rFire   . . .        c - +0 flail
rCold   . . .        (no shield)
rNeg    . . .        a - +0 robe
rPois   .            (helmet restricted)
rElec   .            (no cloak)
rCorr   .            (no gloves)
SInv    .            (boots unavailable)
Will    .....        (no amulet)
Stlth   ++           j - ring of magical power
HPRegen 0.24/turn    (no ring)
MPRegen 0.16/turn

%: no passive effects
@: very slightly contaminated
A: beak, talons 3
a: no special abilities


You were on level 2 of the Dungeon.
You visited 1 branch of the dungeon, and saw 2 of its levels.

You collected 90 gold pieces.
You spent 44 gold pieces at shops.

Inventory:

Hand Weapons
 c - a +0 flail (weapon)
Armour
 a - a +0 robe (worn)
Jewellery
 j - a ring of magical power (left hand)
Scrolls
 d - a scroll of noise {unknown}
 e - 2 scrolls of identify {unknown}
 f - 2 scrolls of blinking {unknown}
 h - a scroll of silence {unknown}
 i - a scroll of enchant armour {unknown}
 m - a scroll of fear {unknown}
Potions
 b - a potion of magic
 g - a potion of brilliance
 k - a potion of curing {unknown}
 l - a potion of might {unknown}


   Skills:
 + Level 0.1 Fighting
 + Level 0.3 Maces & Flails
 + Level 2.6 Dodging
 + Level 2.1 Stealth
 + Level 2.6 Spellcasting
 + Level 2.2 Conjurations
 + Level 5.1 Air Magic


You had 4 spell levels left.
You knew the following spells:

 Your Spells              Type           Power      Damage    Failure   Level
a - Shock                 Conj/Air       56%        1d6       4%          1
b - Swiftness             Air            19%        N/A       6%          3

Your spell library contained the following spells:

 Spells                   Type           Power      Damage    Failure   Level
 Static Discharge         Conj/Air       28%        2-4/arc   6%          2
 Airstrike                Air            9%         2d(2-18)  22%         4
 Summon Lightning Spire   Summ/Air       11%        N/A       52%         4


Dungeon Overview and Level Annotations

Branches:
Dungeon (2/15)

Altars:

Shops:
D:1 !


Innate Abilities, Weirdness & Mutations

You have a beak for a mouth.
You have claws for feet.


Message History

The zap hits the orc.
The orc is severely wounded.
An orc comes into view. It is wielding a +0 mace.
Casting: Shock (safe; 4% risk of failure)
Confirm with . or Enter, or press ? or * to list all spells.
Aiming: Shock (safe; 4% risk of failure)
Press: ? - help, Shift-Dir - straight line, f/p - orc
Aim: an orc, wielding a +0 short sword (severely wounded, 71% to hit)
The zap misses the orc.
A goblin comes into view. It is wielding a +0 dagger.
Casting: Shock (safe; 4% risk of failure)
Confirm with . or Enter, or press ? or * to list all spells.
Aiming: Shock (safe; 4% risk of failure)
Press: ? - help, Shift-Dir - straight line, f/p - orc
Aim: an orc, wielding a +0 short sword (severely wounded, 71% to hit)
The zap hits something.
The zap hits the orc.
You kill the orc!
The zap hits the orc.
The orc is almost dead.
The goblin shouts!
You hear a shout!
You hear some strange, mumbled words.
You are confused.
You're too confused to cast spells.
Sorry, you're not good enough to have a special ability.
You're too confused to cast spells.
Sorry, you're not good enough to have a special ability.
You bump into the rock wall.
Something barely misses you. Something barely misses you.
A magic dart appears from out of thin air!
The magic dart hits you!
* * * LOW HITPOINT WARNING * * *
You bump into the rock wall.
Something hits you.
* * * LOW HITPOINT WARNING * * *
You feel less confused. Something hits you.
* * * LOW HITPOINT WARNING * * *
You hear some strange, mumbled words.
A puff of flame appears from out of thin air!
The puff of flame hits you!
You die...

#.# #.# #### #.#
..=.#
#.#########.....#
#.#..g†og.'......
#..o#######......
#.{## .....
##..## ....
#.@..#


o.o #.>..# .. ######....# . #.........# #.........# #.........# ######....#
#....#######.## #....'......... You could see an orc.

Vanquished Creatures
  2 adders (D:2)
  A gnoll (D:1)
  A worm (D:2)
  A dart slug (D:1)
  2 orcs (D:2)
  2 endoplasms (D:1)
  3 giant cockroaches
  6 goblins
  4 hobgoblins
  2 jackals (D:2)
  3 ball pythons (D:1)
  2 bats (D:2)
  2 frilled lizards (D:1)
  4 kobolds
  5 rats (D:1)
40 creatures vanquished.

Notes
Turn   | Place    | Note
-------+----------+-------------------------------------------
     0 | D:1      | Dawnplanks the Tengu Air Elementalist began the quest for
                  | the Orb.
     0 | D:1      | Reached XP level 1. HP: 10/10 MP: 4/4
   161 | D:1      | Reached XP level 2. HP: 15/15 MP: 1/6
   496 | D:1      | Reached XP level 3. HP: 19/19 MP: 2/7
   836 | D:1      | Found Obora's Distillery.
   844 | D:1      | Bought a potion of brilliance for 44 gold pieces
   863 | D:1      | Reached skill level 5 in Air Magic
   993 | D:1      | Found a faded altar of an unknown god.
  1007 | D:1      | Found a faded altar of an unknown god.
  1556 | D:2      | Learned a level 3 spell: Swiftness
  1576 | D:2      | Reached XP level 4. HP: 24/24 MP: 8/8
  1841 | D:2      | Killed from afar by an orc wizard

Illustrated notes

Levels and vault maps discovered:
D:1:      lightli_arrival_farm, layout_loops_ring,
          hellmonk_ecumenical_altar_the_god_not_taken, serial_shops,
          shop_statue, chequers_serial_rivers_small_b, minmay_three_crescents
D:2:      layout_basic, kennysheep_generic_room_14

Skill      XL: |  1  2  3 |
---------------+----------+-----
Air Magic      | 5 |  5.1
Conjurations   | 2 |  2.2
Fighting       | |  0.1
Maces & Flails | |  0.3
Dodging        | |  2.6
Stealth        | |  2.1
Spellcasting   | |  2.6

Action                     |  1- 3 |  4- 6 || total
---------------------------+-------+-------++-------
  Melee: Flail             |     5 |       ||     5
         Kick              |     1 |       ||     1
         Peck              |     1 |       ||     1
   Cast: Shock             |    87 |    16 ||   103
 Armour: Robe              |     2 |     1 ||     3
  Dodge: Dodged            |    12 |     4 ||    16

Table legend: (Time is in decaauts)
 A = Elapsed time spent in this place.
 B = Non-inter-level travel time spent in this place.
 C = Inter-level travel time spent in this place.
 D = Time resting spent in this place.
 E = Time spent auto-exploring this place.
 F = Levels seen in this place.
 G = Mean time per level.
                   A        B        C        D        E       F      G
               +--------+--------+--------+--------+--------+-----+--------+
         Total |   1866 |   1829 |     37 |    117 |   1485 |   2 |  933.0 |
       Dungeon |   1866 |   1829 |     37 |    117 |   1485 |   2 |  933.0 |
               +--------+--------+--------+--------+--------+-----+--------+

Top non-repeatable levels by time:
     D:1: 1325 daAuts
     D:2: 540 daAuts
